 Dungeon Sprint DCSS version 0.21.1-1-g345015f (webtiles) character file.

11399 Fang the Severer (level 11, -7/84 HPs)
             Began as a Gargoyle Berserker on July 15, 2018.
             Was a High Priest of Trog.
             Mangled by an electric golem (8 damage)
             ... in the Dungeon (Sprint VII: "The Pits") on July 18, 2018.
             The game lasted 00:14:23 (3800 turns).

Fang the Severer (Gargoyle Berserker)               Turns: 3800, Time: 00:14:25

Health: -7/84      AC: 13    Str: 25    XL:     11   Next: 77%
Magic:  11/11      EV: 17    Int: 15    God:    Trog [*****.]
Gold:   0          SH:  0    Dex:  9    Spells: 10/10 levels left

rFire    . . .     SeeInvis .   v - +7 great sword of the Solstice {freeze, Int+5}
rCold    . . .     Gourm    .   (shield currently unavailable)
rNeg     + . .     Faith    .   b - +0 animal skin
rPois    ∞         Spirit   .   (no helmet)
rElec    +         Reflect  .   (no cloak)
rCorr    .         Harm     .   (no gloves)
MR       .....     NoTele   +   (no boots)
Stlth    +++.......             (no amulet)
HPRegen  0.24/turn              o - +3 ring of intelligence
MPRegen  0.12/turn              r - +3 ring of protection

@: berserk cooldown, slowed, very slow
A: negative energy resistance 1, electricity resistance, unbreathing,
petrification resistance, rot immunity, AC +8
a: Berserk, Trog's Hand, Brothers in Arms, Burn Spellbooks, Renounce Religion


You were in the Dungeon.
You worshipped Trog.
Trog was extremely pleased with you.
You were not hungry.

You visited 1 branch

Inventory:

Hand Weapons
 j - a +2 battleaxe of freezing
 n - a +1 hand axe of chopping
 u - a +9 antimagic battleaxe
 v - the +7 great sword of the Solstice (weapon) {freeze, Int+5}
   (Trog gifted it to you in the Dungeon)

   It has been specially enchanted to freeze those struck by it, causing extra
   injury to most foes and up to half again as much damage against particularly
   susceptible opponents.
   It can also slow down cold-blooded creatures.
   It affects your intelligence (+5).
Armour
 b - a +0 animal skin (worn)
Jewellery
 m - an uncursed ring of protection from cold
 o - a +3 ring of intelligence (left hand)
 r - a +3 ring of protection (right hand)
Wands
 s - a wand of iceblast (6)
Scrolls
 i - 2 scrolls of blinking
 k - 4 scrolls of remove curse
 l - a scroll of summoning
 t - 2 scrolls of fog
 w - 2 scrolls of identify
Potions
 a - 2 potions of invisibility
 d - 4 potions of curing
 e - 9 potions of heal wounds
 f - a potion of haste
 g - 4 potions of magic
 h - 6 potions of berserk rage
 p - 5 potions of agility
 q - 4 potions of brilliance
 z - a potion of might
Comestibles
 c - 4 rations


   Skills:
 + Level 16.4 Fighting
 + Level 17.2 Axes
 + Level 5.4 Armour
 + Level 10.9 Dodging
 + Level 7.1 Stealth
 + Level 1.1 Unarmed Combat


You had 10 spell levels left.
You didn't know any spells.

Dungeon Overview and Level Annotations

Branches:
Dungeon (1/1)

Altars:
Ashenzari
Cheibriados
Dithmenos
Elyvilon
Fedhas
Gozag
Hepliaklqana
Kikubaaqudgha
Makhleb
Nemelex Xobeh
Okawaru
Qazlal
Ru
Sif Muna
Trog
Uskayaw
Vehumet
Wu Jian
Xom
Yredelemnul
Zin
The Shining One
Beogh
Jiyva
Lugonu

Annotations:
D Maurice


Innate Abilities, Weirdness & Mutations

You are resistant to torment.
Your stone body is resilient. (AC +8)
You are immune to poison.
You resist negative energy. (rN+)
You are resistant to electric shocks. (rElec)
You can survive without breathing.
You are immune to petrification.
You are immune to rotting.


Message History

Unknown command.
You eat one of the 5 rations.
That ration really hit the spot!
The electric golem hits your ogre! The electric golem shocks your ogre!
The electric golem hits your ogre. The electric golem shocks your ogre!!
Your ogre dies!
Your ogre's corpse disappears in a puff of smoke!
Your deep troll goes berserk!
You feel quite a bit more hungry. The electric golem hits you.
* * * LOW HITPOINT WARNING * * *
The electric golem shocks you. You resist.
* * * LOW HITPOINT WARNING * * *
The electric golem barely misses you. The electric golem hits you.
* * * LOW HITPOINT WARNING * * *
The electric golem hits you but does no damage.
The electric golem hits you.
* * * LOW HITPOINT WARNING * * *
The electric golem shocks you. You resist.
* * * LOW HITPOINT WARNING * * *
The electric golem hits you!
You die...

#+# #@# #8#
################T#
.................#
.............§...#
+##############.†#
#..# #..# #..#


You could see an electric golem and a friendly deep troll (berserk).

Vanquished Creatures
  A naga warrior (D)
  2 unseen horrors (D)
  2 flayed ghosts (D)
  Joseph (D)
  A merfolk siren (D)
  A demonic crawler (D)
  A hellwing (D)
  A freezing wraith (D)
  A guardian mummy (D)
  An efreet (D)
  2 jumping spiders (D)
  A tyrant leech (D)
  Grinder (D)
  A redback (D)
  A water elemental (D)
  A spriggan (D)
  An air elemental (D)
  A hungry ghost (D)
  A basilisk (D)
  A fire bat (D)
  A steam dragon (D)
  3 nagas (D)
  2 acid dragons (D)
  A water moccasin (D)
  A floating eye (D)
  2 porcupines (D)
  A black bear (D)
  An eye of draining (D)
  An ice beast (D)
  An ogre (D)
  A centaur (D)
  A crocodile (D)
  A bullfrog (D)
  A scorpion (D)
  9 wights (D)
  A gnoll shaman (D)
  A hell rat (D)
  5 gnolls (D)
  2 adders (D)
  An orc (D)
  2 bats (D)
  A quokka (D)
  A ball python (D)
  3 frilled lizards (D)
  2 rats (D)
69 creatures vanquished.

Vanquished Creatures (collateral kills)
  A hydra (D)
  A spriggan berserker (D)
  A molten gargoyle (D)
  A smoke demon (D)
  A gargoyle (D)
  A spiny frog (D)
  A demonic crawler (D)
  3 blink frogs (D)
  6 dream sheep (D)
  A hippogriff (D)
  Sigmund (D)
  A wraith (D)
  5 yaks (D)
  A fire bat (D)
  A warg (D)
  A big kobold (D)
  A bullfrog (D)
  2 gnolls (D)
30 creatures vanquished.

Grand Total: 99 creatures vanquished

Notes
Turn   | Place    | Note
-------+----------+-------------------------------------------
     0 | D        | Fang the Gargoyle Berserker began the quest for the Orb.
     0 | D        | Reached XP level 1. HP: 14/14 MP: 1/1
    21 | D        | Reached skill level 3 in Axes
    21 | D        | Reached XP level 2. HP: 11/20 MP: 2/2
   205 | D        | Found a bloodstained altar of Trog.
   205 | D        | Found a deep blue altar of Sif Muna.
   205 | D        | Found a viscous altar of Jiyva.
   205 | D        | Found a hazy altar of Hepliaklqana.
   205 | D        | Found an opulent altar of Gozag.
   206 | D        | Found a glowing golden altar of the Shining One.
   206 | D        | Found a glowing silver altar of Zin.
   206 | D        | Found a basalt altar of Yredelemnul.
   206 | D        | Found a shimmering altar of Xom.
   206 | D        | Found an ornate altar of the Wu Jian Council.
   206 | D        | Found a sacrificial altar of Ru.
   206 | D        | Found a stormy altar of Qazlal.
   206 | D        | Found an iron altar of Okawaru.
   206 | D        | Found a sparkling altar of Nemelex Xobeh.
   206 | D        | Found a burning altar of Makhleb.
   206 | D        | Found a blossoming altar of Fedhas.
   206 | D        | Found a white marble altar of Elyvilon.
   206 | D        | Found a shadowy altar of Dithmenos.
   206 | D        | Found a snail-covered altar of Cheibriados.
   208 | D        | Found a radiant altar of Vehumet.
   208 | D        | Found a corrupted altar of Lugonu.
   208 | D        | Found a roughly hewn altar of Beogh.
   210 | D        | Found an ancient bone altar of Kikubaaqudgha.
   210 | D        | Found a hide-covered altar of Uskayaw.
   210 | D        | Found a shattered altar of Ashenzari.
   253 | D        | Reached ** piety under Trog
   265 | D        | Reached skill level 5 in Fighting
   265 | D        | Reached skill level 4 in Axes
   300 | D        | Noticed a hungry ghost
   300 | D        | Noticed a floating eye
   304 | D        | Paralysed by a floating eye for 2 turns
   309 | D        | Killed a hungry ghost
   309 | D        | Reached *** piety under Trog
   309 | D        | Reached skill level 6 in Axes
   309 | D        | Reached XP level 3. HP: 23/29 MP: 3/3
   309 | D        | Reached XP level 4. HP: 28/35 MP: 4/4
   309 | D        | Reached XP level 5. HP: 31/39 MP: 5/5
   309 | D        | Killed a floating eye
   309 | D        | Reached skill level 7 in Axes
   309 | D        | Reached skill level 1 in Stealth
   309 | D        | Reached XP level 6. HP: 36/45 MP: 6/6
   485 | D        | Noticed a warg
   487 | D        | Noticed a fire bat
   487 | D        | Noticed a porcupine
   489 | D        | Reached **** piety under Trog
   489 | D        | Reached skill level 8 in Axes
   493 | D        | Killed a porcupine
   493 | D        | Reached ***** piety under Trog
   500 | D        | Reached skill level 10 in Fighting
   500 | D        | Reached skill level 9 in Axes
   500 | D        | Reached XP level 7. HP: 52/52 MP: 7/7
   503 | D        | Killed a fire bat
   503 | D        | Received a gift from Trog
   503 | D        | Reached skill level 5 in Armour
   503 | D        | Reached skill level 5 in Dodging
   516 | D        | Killed a warg
   516 | D        | Reached skill level 10 in Axes
   811 | D        | Noticed a basilisk
   818 | D        | Killed a basilisk
   818 | D        | Reached XP level 8. HP: 60/60 MP: 8/8
   871 | D        | Noticed Grinder
   881 | D        | Killed Grinder
   886 | D        | Received a gift from Trog
   886 | D        | Reached skill level 11 in Axes
  1064 | D        | Reached skill level 5 in Stealth
  1318 | D        | Noticed a tyrant leech
  1325 | D        | Killed a tyrant leech
  1325 | D        | Reached skill level 12 in Axes
  1325 | D        | Reached XP level 9. HP: 66/66 MP: 9/9
  1482 | D        | Noticed a hellwing
  1488 | D        | Received a gift from Trog
  1494 | D        | Killed a hellwing
  1517 | D        | HP: 1/67 [something (6)]
  1530 | D        | HP: 1/67 [something (5)]
  1545 | D        | Killed an unseen horror
  1545 | D        | Reached skill level 13 in Axes
  1846 | D        | Noticed an efreet
  1852 | D        | Reached ****** piety under Trog
  1855 | D        | Killed an efreet
  2037 | D        | Noticed a flayed ghost
  2037 | D        | Noticed Joseph
  2043 | D        | Killed a flayed ghost
  2043 | D        | Received a gift from Trog
  2043 | D        | Reached XP level 10. HP: 69/74 MP: 10/10
  2050 | D        | Killed Joseph
  2050 | D        | Reached skill level 14 in Axes
  2056 | D        | Noticed a spiny frog
  2056 | D        | Noticed a spriggan berserker
  2061 | D        | Killed a spiny frog
  2064 | D        | Killed a spriggan berserker
  2065 | D        | Noticed a gargoyle
  2065 | D        | Noticed a smoke demon
  2065 | D        | Killed a smoke demon
  2066 | D        | Killed a gargoyle
  2291 | D        | Killed an unseen horror
  2294 | D        | Received a gift from Trog
  2373 | D        | Reached skill level 15 in Axes
  2376 | D        | Reached skill level 15 in Fighting
  2537 | D        | Noticed a molten gargoyle
  2537 | D        | Noticed Sigmund
  2555 | D        | Received a gift from Trog
  2559 | D        | Killed a molten gargoyle
  2563 | D        | Reached XP level 11. HP: 37/81 MP: 3/11
  2567 | D        | Killed Sigmund
  2569 | D        | Received a gift from Trog
  2580 | D        | Received a gift from Trog
  2595 | D        | Noticed a six-headed hydra
  2597 | D        | Reached skill level 10 in Dodging
  2604 | D        | Killed a seven-headed hydra
  2604 | D        | Reached skill level 16 in Axes
  2939 | D        | Noticed Maurice
  3295 | D        | Noticed a naga warrior
  3310 | D        | Killed a naga warrior
  3313 | D        | Received a gift from Trog
  3432 | D        | Noticed a flayed ghost
  3439 | D        | Killed a flayed ghost
  3449 | D        | Reached skill level 1 in Unarmed Combat
  3612 | D        | Reached skill level 17 in Axes
  3674 | D        | Received a gift from Trog
  3680 | D        | Got a fine great sword {god gift}
  3681 | D        | Identified the +7 great sword of the Solstice {freeze, Int+5} (Trog gifted it to you in the Dungeon)
  3785 | D        | Noticed an electric golem
  3800 | D        | HP: 1/84 [electric golem (6)]
  3800 | D        | Mangled by an electric golem

Skill      XL: |  1  2  3  4  5  6  7  8  9 10 11 |
---------------+----------------------------------+-----
Fighting       | 4 7 8 10 11 12 13 15 16 | 16.4
Axes           | 3 6 7 9 10 12 13 15 17 | 17.2
Dodging        | 3 4 5 7 8 9 10 | 10.9
Armour         | 3 4 5 |  5.4
Stealth        | 1 2 3 5 6 7 |  7.1
Unarmed Combat | 1 |  1.1

Action                   |  1- 3 |  4- 6 |  7- 9 | 10-12 || total
-------------------------+-------+-------+-------+-------++-------
Melee: Hand axe          |    25 |    15 |    58 |       ||    98
       Battleaxe         |       |       |    33 |    68 ||   101
       Unarmed           |       |       |       |     7 ||     7
       Great sword       |       |       |       |     2 ||     2
Invok: Berserk           |     2 |     1 |     6 |     8 ||    17
       Brothers in Arms  |       |       |     1 |     9 ||    10
  Use: Potion            |       |       |     5 |     1 ||     6
       Scroll            |       |       |       |     6 ||     6
 Stab: Sleeping          |       |       |     2 |       ||     2
  Eat: Chunk             |       |     3 |     3 |     8 ||    14
       Ration            |       |       |     2 |     3 ||     5
Armor: Animal skin       |    12 |     4 |    57 |    37 ||   110
Dodge: Dodged            |    18 |    11 |    80 |    79 ||   188
